 Dungeon Crawl Stone Soup version 0.26.1-11-gd32895ea62 (webtiles) character file.

Game seed: 14225371985036159604

186 buriedalive the Chiller (level 5, 0/28 HPs)
             Began as a Deep Elf Ice Elementalist on May 26, 2021.
             Killed from afar by Sigmund (11 damage)
             ... with a puff of flame
             ... on level 3 of the Dungeon.
             The game lasted 00:04:21 (3132 turns).

buriedalive the Chiller (Deep Elf Ice Elementalist) Turns: 3132, Time: 00:04:22

Health: 0/28       AC:  2    Str:  5    XL:     5   Next: 38%
Magic:  2/11       EV: 15    Int: 21    God:
Gold:   109        SH:  0    Dex: 15    Spells: 3/10 levels left

rFire    . . .     SeeInvis .   c - +0 dagger
rCold    . . .     Faith    .   (no shield)
rNeg     . . .     Spirit   .   j - +0 robe (curse)
rPois    .         Reflect  .   (no helmet)
rElec    .         Harm     .   (no cloak)
rCorr    +         Rampage  .   (no gloves)
Will     .....                  (no boots)
Stlth    ++........             (no amulet)
HPRegen  0.09/turn              g - ring of resist corrosion
MPRegen  0.12/turn              (no ring)

@: frozen ramparts, very slightly contaminated
A: no striking features
a: no special abilities


You were on level 3 of the Dungeon.
You visited 1 branch of the dungeon, and saw 3 of its levels.

You collected 109 gold pieces.

Inventory:

Hand Weapons
 c - a +0 dagger (weapon)
Missiles
 h - 24 stones
 n - 2 datura-tipped darts
Armour
 a - a +0 robe
 j - a cursed +0 robe (worn)
Jewellery
 g - a ring of resist corrosion (left hand)
Scrolls
 b - a scroll of blinking {unknown}
 d - 2 scrolls of remove curse {unknown}
 i - a scroll of identify {unknown}
 k - a scroll of enchant armour {unknown}
 m - a scroll of enchant weapon {unknown}
 o - a scroll of amnesia {unknown}
 r - a scroll of teleportation {unknown}
Potions
 e - a potion of experience {unknown}
 f - a potion of attraction {unknown}
 l - a potion of curing {unknown}
 p - a potion of might {unknown}
 q - a potion of haste {unknown}


   Skills:
 + Level 5.1 Dodging
 - Level 2.4 Stealth
 - Level 3.0 Spellcasting
 + Level 6.0 Ice Magic


You had 3 spell levels left.
You knew the following spells:

 Your Spells              Type           Power        Failure   Level
a - Freeze                Ice            100%         1%          1
b - Frozen Ramparts       Ice            56%          3%          3
c - Ozocubu's Armour      Ice            28%          3%          3

Your spell library contained the following spells:

 Spells                   Type           Power        Failure   Level
 Confusing Touch          Hex            3%           36%         3
 Gell's Gravitas          Tloc           1%           36%         3
 Hailstorm                Conj/Ice       15%          36%         4
 Summon Ice Beast         Ice/Summ       15%          36%         4
 Metabolic Englaciation   Hex/Ice        7%           71%         5
 Petrify                  Tmut/Erth      3%           78%         4
 Yara's Violent Unravell  Hex/Tmut       1%           98%         5


Dungeon Overview and Level Annotations

Branches:
Dungeon (3/15)

Altars:

Annotations:
D:3 Sigmund


Message History

The frozen ramparts melt away as you move.
You hear a zap.
A puff of flame appears from out of thin air!
The puff of flame hits you.
You see here a jackal corpse.
Casting: Frozen Ramparts (dangerous; 3% risk of failure)
Confirm with . or Enter, or press ? or * to list all spells.
You can't see any susceptible monsters within range! (Use Z to cast anyway.) Unknown command.
Unknown command.
Casting: Frozen Ramparts (dangerous; 3% risk of failure)
Confirm with . or Enter, or press ? or * to list all spells.
Casting: Frozen Ramparts (dangerous; 3% risk of failure)
Press: ? - help, Dir - look around, f - activate The walls around you are covered in ice.
The wall freezes something.
You hear a zap.
A puff of flame appears from out of thin air!
The puff of flame hits you!
You die...

....[...............#
....!...............#
................[...#
.............[#.....#
..............#.....#
...........h..#..#.##
..............†..#.#
.............#{#.#.##
.....##.....##@#.#..#
##### ########.#.##.#
####### #..#.##.#
#.....# #.##. #.#
#....<# ##.. #<#
###.....# #..# #.#
........# #..# #.#
###.....#####..#
###.##
#............###....#


There were no monsters in sight!

Vanquished Creatures
  Jessica (D:3)
  Natasha (thrice) (D:2)
  3 adders
  An ooze (D:1)
  A worm (D:2)
  2 dart slugs (D:1)
  2 leopard geckos
  8 bats
  4 giant cockroaches
  5 hobgoblins
  7 jackals
  A ball python (D:2)
  A frilled lizard (D:1)
  6 goblins
  2 kobolds (D:1)
  2 rats
49 creatures vanquished.

Notes
Turn   | Place    | Note
-------+----------+-------------------------------------------
     0 | D:1      | buriedalive the Deep Elf Ice Elementalist began the quest
                  | for the Orb.
     0 | D:1      | Reached XP level 1. HP: 10/10 MP: 6/6
    53 | D:1      | Reached XP level 2. HP: 8/15 MP: 0/8
  1468 | D:1      | Reached skill level 5 in Ice Magic
  1468 | D:1      | Reached XP level 3. HP: 14/19 MP: 5/9
  1836 | D:2      | Noticed Natasha
  1859 | D:2      | Killed Natasha
  2006 | D:2      | Learned a level 3 spell: Frozen Ramparts
  2010 | D:2      | Learned a level 3 spell: Ozocubu's Armour
  2121 | D:2      | Noticed Natasha
  2124 | D:2      | Reached XP level 4. HP: 22/24 MP: 8/10
  2125 | D:2      | Killed Natasha
  2398 | D:2      | Noticed Natasha
  2404 | D:2      | Killed Natasha
  2814 | D:2      | Reached XP level 5. HP: 26/28 MP: 7/11
  3047 | D:3      | Noticed Jessica
  3056 | D:3      | Killed Jessica
  3057 | D:3      | Reached skill level 5 in Dodging
  3057 | D:3      | Reached skill level 6 in Ice Magic
  3107 | D:3      | Noticed Sigmund
  3132 | D:3      | Killed from afar by Sigmund

Illustrated notes

Levels and vault maps discovered:
D:1:      mainiacjoe_arrival_reflecting_pool, layout_loops_ring,
          minmay_crystal_room
D:2:      layout_rooms, uniq_natasha
D:3:      layout_rooms, serial_bayou_pond_d, uniq_jessica, uniq_sigmund,
          uniq_grinder, uniq_robin

Skill      XL: |  1  2  3  4  5 |
---------------+----------------+-----
Dodging        | 3 4 5 |  5.1
Ice Magic      | 5 6 |  6.0
Stealth        | |  2.4
Spellcasting   | |  3.0

Action                   |  1- 3 |  4- 6 || total
-------------------------+-------+-------++-------
Melee: Unarmed           |    17 |       ||    17
       Dagger            |    44 |    24 ||    68
 Cast: Freeze            |    36 |    22 ||    58
       Frozen Ramparts   |       |     2 ||     2
 Stab: Sleeping          |     3 |       ||     3
Armor: Robe              |    16 |     8 ||    24
Dodge: Dodged            |    61 |    45 ||   106
